 Dungeon Crawl Stone Soup version 0.26.1 (webtiles) character file.

Game seed: 3183105700767445279

214151 BOMJPIETVODKU the Warrior (level 18, 0/228 HPs)
             Began as a Demonspawn Fighter on Feb 1, 2021.
             Was an Initiate of Gozag.
             Slain by a saltling (8 damage)
             ... in the Desolation of Salt on Feb 4, 2021.
             The game lasted 02:29:20 (39934 turns).

BOMJPIETVODKU the Warrior (Demonspawn Fighter)     Turns: 39934, Time: 02:29:21

Health: 0/228      AC: 33    Str: 31    XL:     18   Next: 29%
Magic:  18/18      EV:  2    Int: 11    God:    Gozag
Gold:   620        SH:  0    Dex: 17    Spells: 17/17 levels left

rFire    + . .     SeeInvis .   t - +5 double sword of Luthyas {vamp, Dex+4}
rCold    + . .     Faith    .   c - +0 kite shield
rNeg     + + +     Spirit   .   (armour currently unavailable)
rPois    +         Reflect  .   (helmet unavailable)
rElec    +         Harm     .   (cloak currently unavailable)
rCorr    +         Rampage  .   (gloves currently unavailable)
Will     .....     NoTele   +   (boots currently unavailable)
Stlth    +.........             v - amulet "Zelu" {Acrobat rElec}
HPRegen  0.48/turn              L - +6 ring of strength
MPRegen  0.16/turn              D - ring of Dackowey {AC+4 Slay+3}

@: confused, mighty, brilliant, lethally poisoned (0 -> -3), tree-form,
resistant, weak-willed, gold aura, hasted and slowed
A: demonic guardian 1, strong 1
}: 1/15 runes: gossamer
a: End Transformation, Renounce Religion, Potion Petition, Call Merchant, Bribe
Branch


You were in the Desolation of Salt.
You worshipped Gozag.
Gozag was pleased with you.
You were a tree.
You visited 6 branches of the dungeon, and saw 27 of its levels.
You also visited: Desolation.

You collected 13669 gold pieces.
You spent 5509 gold pieces at shops.
You paid 7540 gold pieces to Gozag.

Inventory:

Hand Weapons
 t - the +5 double sword of Luthyas (weapon) {vamp, Dex+4}
   (You bought it in a shop on level 3 of the Spider Nest)

   It inflicts no extra harm, but heals its wielder when it wounds a living foe.
   It affects your dexterity (+4).
 H - a +4 scimitar of freezing
 U - the +8 storm bow {elec, penet}
   (You found it on level 1 of the Lair of Beasts)

   It charges the ammunition it shoots with electricity; occasionally upon a
   hit, such missiles may discharge and cause terrible harm.
   Ammo fired by it passes through the targets it hits, potentially hitting all
   targets in its path until it reaches maximum range.
Armour
 c - a +0 kite shield (worn)
 q - a +2 cloak of poison resistance (melded)
 B - a +1 plate armour of cold resistance (melded)
 F - a +1 plate armour of willpower
 M - a +2 chain mail of positive energy
 N - a +2 pair of gloves of dexterity (melded)
 Z - a +0 pair of boots (melded)
Jewellery
 h - an uncursed ring of resist corrosion
 m - an uncursed amulet of reflection
 r - an uncursed ring of protection from fire
 u - a cursed amulet of inaccuracy {unknown}
 v - the amulet "Zelu" (around neck) {Acrobat rElec}
   (You bought it in a shop on level 5 of the Lair of Beasts)

   [amulet of the acrobat]

   It helps you evade while moving and waiting.
   It insulates you from electricity.
 D - the ring of Dackowey (right branch) {AC+4 Slay+3}
   (You bought it in a shop on level 11 of the Dungeon)

   [ring of protection]

   It affects your AC (+4).
   It affects your accuracy and damage with ranged weapons and melee attacks
   (+3).
 L - a +6 ring of strength (left branch)
 S - an uncursed ring of protection from cold
Wands
 e - a wand of paralysis (8)
 g - a wand of flame (50)
 z - a wand of iceblast (33)
 C - a wand of digging (4)
 I - a wand of disintegration (25)
 O - a wand of acid (5)
 W - a wand of polymorph (24)
Scrolls
 j - 9 scrolls of enchant weapon
 k - 13 scrolls of remove curse
 l - 9 scrolls of teleportation
 w - 4 scrolls of magic mapping
 x - 8 scrolls of amnesia
 A - 6 scrolls of enchant armour
 K - 3 scrolls of identify
 Q - a scroll of silence
 V - a scroll of fear
 Y - 4 scrolls of fog
Potions
 b - 2 potions of berserk rage
 f - 14 potions of curing
 i - 3 potions of flight
 n - a potion of ambrosia
 o - a potion of resistance
 p - 6 potions of attraction
 E - 6 potions of mutation
 G - 5 potions of brilliance
 J - 2 potions of magic
 P - 3 potions of cancellation
 R - 3 potions of lignification
 T - a potion of invisibility
Miscellaneous
 y - a lightning rod (4/4)
 X - a lightning rod (4/4)


   Skills:
 * Level 16.3 Fighting
 + Level 16.0 Long Blades
 - Level 0.6 Throwing
 + Level 11.5 Armour
 + Level 3.9 Dodging
 - Level 2.2 Stealth
 + Level 15.1 Shields
 * Level 12.2 Unarmed Combat
 - Level 5.5 Evocations


You had 17 spell levels left.
You didn't know any spells.
Your spell library contained the following spells:

 Spells                   Type           Power        Failure   Level
 Animate Skeleton         Necr           0%           34%         1
 Apportation              Tloc           0%           34%         1
 Beastly Appendage        Tmut           0%           34%         1
 Corona                   Hex            0%           34%         1
 Summon Small Mammal      Summ           0%           34%         1
 Blink                    Tloc           N/A          47%         2
 Ensorcelled Hibernation  Hex/Ice        0%           47%         2
 Slow                     Hex            0%           47%         2
 Sublimation of Blood     Necr           0%           47%         2
 Wereblood                Tmut           0%           47%         2
 Confusing Touch          Hex            0%           71%         3
 Dazzling Flash           Conj/Hex       0%           71%         3
 Gell's Gravitas          Tloc           0%           71%         3
 Ignite Poison            Fire/Tmut/Pois 0%           71%         3
 Inner Flame              Hex/Fire       0%           71%         3
 Lesser Beckoning         Tloc           0%           71%         3
 Portal Projectile        Hex/Tloc       0%           71%         3
 Spider Form              Tmut/Pois      0%           71%         3
 Teleport Other           Tloc           0%           71%         3
 Tukima's Dance           Hex            0%           71%         3
 Cause Fear               Hex            0%           98%         4
 Ice Form                 Ice/Tmut       0%           98%         4
 Leda's Liquefaction      Hex/Erth       0%           98%         4
 Passage of Golubria      Tloc           N/A          98%         4
 Petrify                  Tmut/Erth      0%           98%         4
 Alistair's Intoxication  Tmut/Pois      0%           100%        5
 Blade Hands              Tmut           0%           100%        5
 Borgnjor's Vile Clutch   Necr/Erth      0%           100%        5
 Fireball                 Conj/Fire      0%           100%        5
 Irradiate                Conj/Tmut      0%           100%        5
 Silence                  Hex/Air        0%           100%        5
 Eringya's Noxious Bog    Tmut/Pois      0%           100%        6
 Shadow Creatures         Summ           N/A          100%        6
 Starburst                Conj/Fire      0%           100%        6
 Ignition                 Fire           0%           100%        8


Dungeon Overview and Level Annotations

Branches:
Dungeon (13/15)            Temple (0/1) D:6            Lair (6/6) D:9
  Swamp (0/4) Lair:4       Spider (4/4) Lair:4        Slime (0/5) Lair:5
    Orc (2/2) D:12            Elf (1/3) Orc:2        Vaults (1/5) D:13
Desolation (1/1)

Altars:
Gozag
Okawaru
Xom
Yredelemnul
Zin
Beogh

Shops:
D:8 [   D:11 =   D:13 *   Orc:2 :=[:   Elf:1 (:(   Lair:1 *[   Lair:5 =
Spider:3 (

Portals:
Trove: Vaults:1 (show slimy rune of Zot)

Annotations:
D:6 2 transporters, VeinyPole's ghost, novice DsGl
D:12 2 transporters, kwass's ghost, journeyman GrFi


Innate Abilities, Weirdness & Mutations

((You have a pair of large horns on your head.))
A weak demonic guardian rushes to your aid.
((You are completely covered in sharp spines.))
((When seriously injured, your bleeding wounds create thick armour. (AC +0)))
Your muscles are strong. (Str +2)


Message History

Unknown command.
Unknown command.
You cannot move. (Use ctrl+direction or * direction to attack without moving.)
Okay, then.
You are more confused.
You feel invigorated.
You feel sick.
The saltling hits you but does no damage.
The imperial myrmidon hits you with a +0 scimitar.
* * * LOW HITPOINT WARNING * * *
The saltling hits you but does no damage.
The guardian serpent hits you.
* * * LOW HITPOINT WARNING * * *
You cannot move. (Use ctrl+direction or * direction to attack without moving.)
You cannot move. (Use ctrl+direction or * direction to attack without moving.)
You barely miss the saltling.
You feel sick.
The saltling hits you but does no damage.
The guardian serpent hits you but does no damage.
The saltling hits you!
You die...
Your body crumbles into a pile of gold.

.).........##.....
.#........................
.#.........................
............................
.............................
........∩.∩..................
.............................
.............................
................♣88..........
...............S8pp..........
.............................
.................................
.....................§...........
..................§§.§.....#.....
...............§§§§§§§...........
..............§§§§§.§.§..........
.................................


You could see a servant of whispers, an imperial myrmidon, a guardian serpent
and 3 saltlings.

Vanquished Creatures
  Mara (Spider:4)
  Nikola (Spider:4)
  The ghost of Honosyedgha the Warrior, an adept GrBe of Trog (Spider:3)
  An imperial myrmidon (Desolation)
  6 emperor scorpions
  6 ghost moths
  3 vault wardens (Vaults:1)
  An ironheart preserver (Vaults:1)
  3 spark wasps
  A deep elf annihilator (Elf:1)
  5 entropy weavers
  2 fire dragons (Vaults:1)
  Erolcha (Orc:2)
  2 yaktaur captains (Vaults:1)
  Fannar (D:10)
  A great orb of eyes (Vaults:1)
  3 ragged hierophants (Desolation)
  6 servants of whispers (Desolation)
  5 boulder beetles
  Harold (D:10)
  6 peacekeepers
  5 hydras
  3 ghost crabs (Lair:5)
  4 ogre magi
  The ghost of crossborder the Fighter, a journeyman DsWn of Hepliaklqana (Lair:2)
  6 death yaks (Lair:6)
  A queen ant (Spider:2)
  15 two-headed ogres
  The ghost of DungeonDestroyer the Blocker, a novice GnFi of Zin (D:10)
  An orc high priest (Orc:2)
  A deep elf knight (Vaults:1)
  Urug (Orc:2)
  6 fire crabs (Lair:5)
  A fire crab (shapeshifter) (Vaults:1)
  2 unseen horrors
  2 deep trolls (Orc:2)
  2 ironbrand convokers
  A lindwurm (Lair:5)
  4 deep elf archers
  3 wizards
  Pikel (D:8)
  2 necromancers
  13 orb spiders
  31 wolf spiders
  8 deep elf magi
  5 orc knights
  2 orc sorcerers
  2 human zombies (Vaults:1)
  10 ugly things (Vaults:1)
  4 oklob plants
  3 cyclopes
  2 moths of wrath (Spider:4)
  Joseph (D:10)
  A torpor snail (Spider:1)
  4 guardian serpents (Desolation)
  A human skeleton (Vaults:1)
  Psyche (D:8)
  An apocalypse crab (Lair:5)
  Maurice (D:8)
  8 black mambas
  4 vault sentinels (Vaults:1)
  2 molten gargoyles (Desolation)
  8 elephants
  14 cane toads
  A cane toad (shapeshifter) (Vaults:1)
  4 rime drakes
  2 kobold demonologists (D:13)
  9 yaktaurs (Vaults:1)
  2 komodo dragons
  14 demonic crawlers
  A guardian mummy (Vaults:1)
  22 jumping spiders
  8 trolls
  A tyrant leech (Lair:3)
  13 polar bears
  11 hornets
  37 saltlings (Desolation)
  9 slime creatures
  7 dream sheep
  11 blink frogs
  71 redbacks
  A spriggan (shapeshifter) (Vaults:1)
  28 tarantellas
  3 wraiths
  17 spriggans
  3 wyverns
  40 yaks
  4 basilisks
  A fire elemental (Elf:1)
  2 steam dragons
  An acid dragon (D:11)
  4 wargs
  20 soldier ants (Spider:2)
  18 water moccasins
  Duvessa (D:5)
  3 sky beasts
  An eye of draining (D:9)
  9 black bears
  3 phantoms
  26 orc warriors
  22 ogres
  8 boggarts
  35 wolves
  A necrophage (D:13)
  5 centaurs
  A lemure (D:8)
  6 big kobolds
  16 bullfrogs
  Dowan (D:5)
  A yaktaur skeleton (Vaults:1)
  6 scorpions
  A water moccasin skeleton (D:8)
  8 killer bees (D:8)
  7 howler monkeys
  10 wights
  3 electric eels
  6 jellies
  2 quasits
  3 hounds
  A bullfrog zombie (D:10)
  16 orc priests
  18 orc wizards
  Crazy Yiuf (D:4)
  2 bullfrog skeletons (D:10)
  4 centaur skeletons
  6 iguanas
  29 worker ants
  A hound zombie (D:3)
  A hound skeleton (D:4)
  12 gnolls
  A howler monkey skeleton (D:4)
  11 adders
  A shadow imp (D:8)
  3 white imps
  2 ufetubi
  4 oozes (Lair:5)
  4 worms
  2 dart slugs
  6 leopard geckos
  108 orcs
  A ball python (D:3)
  3 bats
  4 giant cockroaches
  9 hobgoblins
  9 jackals
  7 quokkas
  A ball python skeleton (D:4)
  8 frilled lizards
  7 goblins
  A jackal skeleton (D:5)
  29 kobolds
  A leopard gecko zombie (D:7)
  A quokka skeleton (D:4)
  13 rats
1123 creatures vanquished.

Vanquished Creatures (collateral kills)
  A spark wasp (Spider:4)
  An entropy weaver (Spider:2)
  A hydra (Lair:4)
  A two-headed ogre (D:13)
  A deep elf mage (Elf:1)
  A jumping spider (Spider:2)
  A troll (Orc:2)
  A hornet (Spider:4)
  A saltling (Desolation)
  A dream sheep (Lair:5)
  2 blink frogs
  4 redbacks
  A tarantella (Spider:2)
  3 yaks
  A steam dragon (D:8)
  A swamp worm (Lair:4)
  A water moccasin (Lair:3)
  2 soldier ants (Spider:2)
  2 ice beasts
  An orc warrior (Vaults:1)
  2 ogres (Orc:2)
  A wolf (Lair:6)
  2 bullfrogs
  4 killer bees (D:8)
  A centaur skeleton (D:5)
  2 orc priests
  An orc wizard (D:8)
  A worker ant (D:8)
  4 gnolls
  An adder skeleton (D:4)
  5 orcs
  A giant cockroach (D:8)
  A jackal (D:4)
  A quokka (D:5)
  3 kobolds
  A rat (D:2)
59 creatures vanquished.

Vanquished Creatures (others)
  2 dancing weapons (Elf:1)
  An orc (D:12)
  40 fungi
  37 plants
80 creatures vanquished.

Grand Total: 1262 creatures vanquished

Notes
Turn   | Place    | Note
-------+----------+-------------------------------------------
     0 | D:1      | BOMJPIETVODKU the Demonspawn Fighter began the quest for
                  | the Orb.
     0 | D:1      | Reached XP level 1. HP: 18/18 MP: 1/1
   152 | D:1      | Gained mutation: A weak demonic guardian rushes to your
                  | aid. [demonic ancestry]
   152 | D:1      | Reached XP level 2. HP: 24/24 MP: 2/2
   907 | D:2      | Gained mutation: You are partially covered in sharp spines.
                  | [demonic ancestry]
   907 | D:2      | Reached XP level 3. HP: 24/29 MP: 3/3
  1062 | D:2      | You fall into a shaft and drop 2 floors!
  1324 | D:3      | Found a shimmering altar of Xom.
  1334 | D:3      | Reached XP level 4. HP: 33/35 MP: 4/4
  2245 | D:2      | Found a faded altar of an unknown god.
  2365 | D:2      | Gained mutation: You have a pair of small horns on your
                  | head. [demonic ancestry]
  2365 | D:2      | Reached XP level 5. HP: 41/41 MP: 5/5
  2819 | D:3      | You fall into a shaft and drop 3 floors!
  2839 | D:6      | Noticed an orc warrior
  2880 | D:5      | Entered Level 5 of the Dungeon
  3190 | D:5      | Found an opulent altar of Gozag.
  3194 | D:5      | Became a worshipper of Gozag Ym Sagoz the Greedy
  3265 | D:5      | Noticed an ice beast
  3273 | D:5      | Killed an ice beast
  3274 | D:5      | Reached XP level 6. HP: 44/48 MP: 6/6
  3379 | D:5      | Noticed an orc warrior
  3386 | D:5      | Killed an orc warrior
  3387 | D:5      | Reached skill level 1 in Evocations
  3732 | D:5      | Reached skill level 5 in Long Blades
  3846 | D:5      | Noticed Dowan
  3847 | D:5      | Noticed Duvessa
  3866 | D:5      | Killed Duvessa
  3867 | D:5      | Reached XP level 7. HP: 50/54 MP: 7/7
  3869 | D:5      | Killed Dowan
  4151 | D:4      | Found a runed translucent door.
  4152 | D:4      | Noticed Crazy Yiuf
  4162 | D:4      | Killed Crazy Yiuf
  4530 | D:4      | Upgraded the game from 0.26.0-57-g60708a5e39 to
                  | 0.26.0-91-g99b343417d
  5067 | D:4      | Found a basalt altar of Yredelemnul.
  5205 | D:3      | Gained mutation: You have a pair of horns on your head.
                  | [demonic ancestry]
  5205 | D:3      | Reached XP level 8. HP: 54/61 MP: 8/8
  5834 | D:6      | Found a staircase to the Ecumenical Temple.
  5879 | D:6      | Reached skill level 1 in Dodging
  6140 | D:6      | Found an iron altar of Okawaru.
  6184 | D:6      | Identified the cursed -2 buckler "Saciwidgh" {rElec rPois
                  | Will- Stlth+}
  6410 | D:6      | Reached skill level 5 in Fighting
  6427 | D:6      | Noticed VeinyPole's ghost (novice DsGl)
  6485 | D:6      | Found a transporter.
  6485 | D:6      | Found a transporter.
  6795 | D:7      | Reached skill level 1 in Unarmed Combat
  7172 | D:7      | Found the ring of the Hare {EV+8}
  7257 | D:7      | Reached XP level 9. HP: 68/68 MP: 9/9
  7663 | D:8      | Noticed a two-headed ogre
  7667 | D:8      | Noticed Pikel
  7707 | D:8      | Found a sand-covered staircase.
  7709 | D:8      | Noticed Maurice
  7711 | D:8      | Found a glowing silver altar of Zin.
  8133 | D:8      | Killed Maurice
  8134 | D:8      | Reached skill level 1 in Stealth
  8299 | D:7      | Reached skill level 5 in Armour
  8524 | D:8      | Noticed Psyche
  8723 | D:8      | Gained mutation: You are mostly covered in sharp spines.
                  | [demonic ancestry]
  8723 | D:8      | Reached XP level 10. HP: 75/76 MP: 10/10
  8754 | D:8      | Killed Psyche
  8755 | D:8      | Reached skill level 5 in Shields
  8755 | D:8      | Reached skill level 5 in Evocations
  8983 | D:8      | Killed Pikel
  9197 | D:8      | Killed a two-headed ogre
  9271 | D:8      | Found Qeolawagh's Armour Shop.
 10414 | D:9      | Reached XP level 11. HP: 56/84 MP: 11/11
 10809 | D:9      | Found a staircase to the Lair.
 11122 | D:10     | Entered Level 10 of the Dungeon
 11124 | D:10     | Noticed a two-headed ogre
 11131 | D:10     | Killed a two-headed ogre
 11195 | D:10     | Found a runed translucent door.
 11205 | D:10     | Noticed DungeonDestroyer's ghost (novice GnFi)
 11481 | D:10     | Noticed Fannar
 11494 | D:10     | Killed Fannar
 11495 | D:10     | Reached skill level 5 in Unarmed Combat
 11549 | D:10     | Noticed Joseph
 11559 | D:10     | Killed Joseph
 11570 | D:10     | Reached skill level 10 in Long Blades
 11655 | D:10     | Noticed Harold
 11667 | D:10     | Killed Harold
 12192 | D:10     | Gained mutation: Your muscles are strong. (Str +2) [potion
                  | of mutation]
 12192 | D:10     | Gained mutation: You have a pair of large horns on your
                  | head. [potion of mutation]
 12214 | D:10     | Killed DungeonDestroyer's ghost
 12579 | D:11     | Killed an unseen horror
 13688 | D:11     | Bought an uncursed amulet of reflection for 390 gold pieces
 13688 | D:11     | Bought the ring of Dackowey {AC+4 Slay+3} for 722 gold
                  | pieces
 13744 | D:11     | Reached XP level 12. HP: 58/95 MP: 12/12
 13933 | D:12     | Found a roughly hewn altar of Beogh.
 13933 | D:12     | Found a staircase to the Orcish Mines.
 14070 | D:12     | Found a transporter.
 14070 | D:12     | Noticed kwass's ghost (journeyman GrFi)
 14143 | D:12     | Found a transporter.
 14162 | D:12     | Noticed a four-headed hydra
 14170 | D:12     | Killed a five-headed hydra
 14985 | Orc:1    | Entered Level 1 of the Orcish Mines
 15473 | Orc:2    | Entered Level 2 of the Orcish Mines
 15475 | Orc:2    | Noticed Erolcha
 15485 | Orc:2    | Killed Erolcha
 15536 | Orc:2    | Reached skill level 10 in Fighting
 15637 | Orc:2    | Found a staircase to the Elven Halls.
 15845 | Orc:2    | Paralysed by an orc sorcerer for 5 turns
 16084 | Orc:2    | Found Ybee's Book Boutique.
 16084 | Orc:2    | Noticed a two-headed ogre
 16090 | Orc:2    | Noticed a two-headed ogre
 16090 | Orc:2    | Noticed a two-headed ogre
 16090 | Orc:2    | Noticed a two-headed ogre
 16095 | Orc:2    | Noticed a two-headed ogre
 16095 | Orc:2    | Noticed a two-headed ogre
 16098 | Orc:2    | Noticed a two-headed ogre
 16099 | Orc:2    | Noticed a two-headed ogre
 16102 | Orc:2    | Killed a two-headed ogre
 16103 | Orc:2    | Found Tuniomoe's Jewellery Boutique.
 16105 | Orc:2    | Noticed an ogre mage
 16118 | Orc:2    | Killed a two-headed ogre
 16155 | Orc:1    | Killed a two-headed ogre
 16156 | Orc:1    | Killed a two-headed ogre
 16157 | Orc:1    | Gained mutation: You are completely covered in sharp
                  | spines. [demonic ancestry]
 16157 | Orc:1    | Reached XP level 13. HP: 65/104 MP: 13/13
 16731 | Orc:2    | Found Baehai's Armour Shoppe.
 16755 | Orc:2    | Found Orodopn's Book Shop.
 16758 | Orc:2    | Bought a +2 cloak of poison resistance for 240 gold pieces
 16783 | Orc:2    | Identified a scroll of acquirement
 16824 | Orc:2    | Bought a manual of Shields for 1545 gold pieces
 16930 | Orc:2    | Noticed Urug
 17678 | Orc:2    | Killed Urug
 18255 | Lair:1   | Entered Level 1 of the Lair of Beasts
 18648 | Lair:1   | Found the +8 storm bow {elec, penet}
 18988 | Lair:1   | Acquired 1031 gold pieces
 19003 | Lair:1   | Bought a potion of lignification for 54 gold pieces
 19003 | Lair:1   | Bought a scroll of identify for 36 gold pieces
 19003 | Lair:1   | Bought a potion of curing for 54 gold pieces
 19129 | Lair:1   | Acquired 849 gold pieces
 19140 | Lair:1   | Bought a +1 plate armour of cold resistance for 490 gold
                  | pieces
 19140 | Lair:1   | Bought a +2 pair of gloves of dexterity for 301 gold pieces
 19678 | Lair:2   | Found a runed translucent door.
 19681 | Lair:2   | Noticed crossborder's ghost (journeyman DsWn)
 19696 | Lair:2   | Killed crossborder's ghost
 21000 | Lair:3   | Reached XP level 14. HP: 113/113 MP: 14/14
 21244 | Lair:3   | You fall into a shaft and drop 1 floor!
 21359 | Lair:4   | Reached skill level 10 in Shields
 21364 | Lair:4   | Found a hole to the Spider Nest.
 22564 | Lair:4   | Found a staircase to the Swamp.
 22770 | Lair:5   | Found a runed translucent door.
 24013 | Lair:5   | Paralysed by you for 4 turns
 24445 | Lair:5   | Found a staircase to the Slime Pits.
 24604 | Lair:5   | Killed a ghost moth
 25396 | Lair:6   | Entered Level 6 of the Lair of Beasts
 25756 | Lair:5   | Bought the amulet "Zelu" {Acrobat rElec} for 616 gold
                  | pieces
 25774 | Lair:5   | Upgraded the game from 0.26.0-91-g99b343417d to 0.26.1
 26190 | Lair:6   | Gained mutation: When seriously injured, your bleeding
                  | wounds create armour. (AC +0) [demonic ancestry]
 26190 | Lair:6   | Reached XP level 15. HP: 121/122 MP: 15/15
 27093 | Lair:6   | Reached skill level 10 in Unarmed Combat
 27255 | Spider:1 | Entered Level 1 of the Spider Nest
 28491 | Spider:1 | Killed a ghost moth
 29995 | Spider:2 | Reached XP level 16. HP: 113/132 MP: 16/16
 30446 | Spider:2 | Reached skill level 10 in Armour
 31669 | Spider:3 | Found a runed translucent door.
 31686 | Spider:3 | Noticed Honosyedgha's ghost (adept GrBe)
 32825 | Spider:3 | Killed Honosyedgha's ghost
 32906 | Spider:3 | Bought a twisted double sword for 720 gold pieces
 32906 | Spider:3 | Identified the +5 double sword of Luthyas {vamp, Dex+4}
                  | (You bought it in a shop on level 3 of the Spider Nest)
 32938 | Spider:4 | Entered Level 4 of the Spider Nest
 33594 | Spider:4 | Noticed Mara
 33597 | Spider:4 | Noticed BOMJPIETVODKU's illusion
 33836 | Spider:4 | Noticed BOMJPIETVODKU's illusion
 33847 | Spider:4 | Noticed BOMJPIETVODKU's illusion
 33849 | Spider:4 | Killed Mara
 34045 | Spider:4 | Noticed Nikola
 34600 | Spider:4 | Reached skill level 15 in Fighting
 34716 | Spider:4 | Gained mutation: When seriously injured, your bleeding
                  | wounds create thick armour. (AC +0) [demonic ancestry]
 34716 | Spider:4 | Reached XP level 17. HP: 77/142 MP: 1/17
 34890 | Spider:4 | Reached skill level 15 in Long Blades
 34893 | Spider:4 | Got a gossamer rune of Zot
 35124 | Spider:4 | Killed Nikola
 36103 | D:13     | Found Regopy's Assorted Antiques.
 36111 | D:13     | Bought a scroll of teleportation for 66 gold pieces
 36111 | D:13     | Bought a potion of heal wounds for 110 gold pieces
 36111 | D:13     | Bought a scroll of blinking for 165 gold pieces
 36421 | D:13     | Got a polished scale mail
 36429 | D:13     | Identified the +3 scale mail "Eriom" {Str+4 Int+4} (You
                  | found it on level 13 of the Dungeon)
 36482 | D:13     | Found a gate to the Vaults.
 36488 | Vaults:1 | Entered Level 1 of the Vaults
 37604 | Vaults:1 | Found a portal to a secret trove of treasure.
 38364 | Elf:1    | Entered Level 1 of the Elven Halls
 38661 | Elf:1    | Found Dunier's Weapon Boutique.
 38701 | Elf:1    | Found Immusur's Book Boutique.
 38706 | Elf:1    | Found Zecheim's Weapon Boutique.
 38736 | Elf:1    | Found a ruined gateway.
 38907 | Desolati | Entered the Desolation of Salt
 39243 | Desolati | Mutation became permanent: You have a pair of horns on your
                  | head. [demonic ancestry]
 39243 | Desolati | Gained mutation: You have a pair of large horns on your
                  | head. [demonic ancestry]
 39243 | Desolati | Reached XP level 18. HP: 151/151 MP: 18/18
 39382 | Desolati | Reached skill level 15 in Shields
 39927 | Desolati | HP: 1/228 [imperial myrmidon/+0 scimitar (16)]
 39933 | Desolati | HP: 7/228 [imperial myrmidon/+0 scimitar (6)]
 39934 | Desolati | Slain by a saltling

Illustrated notes

Levels and vault maps discovered:
D:1:      ncdulo_smallfort, layout_basic, minmay_tetromino_i4
D:2:      minmay_evil_eye, layout_loops_corners,
          chequers_ecumenical_altar_grove, grunt_ministairs_11
D:3:      layout_loops_ring, old_standard_altar
D:4:      layout_loops_ring, kennysheep_little_box, uniq_crazy_yiuf_cottage
D:5:      layout_basic, overflow_temple_1_default, uniq_duvessa
D:6:      layout_loops_ring, old_standard_altar, temple_pool_b,
          gammafunk_ghost_gnarly_gnolls, lemuel_old_faithful
D:7:      layout_loops_ring
D:8:      layout_cave_pools, special_room [special_room_orc], basic_altar,
          serial_shops, shop, enter_ossuary_2, uniq_psyche, uniq_maurice,
          uniq_pikel
D:9:      layout_irregular_city, grunt_lair_entry_orc_guard_hut
D:10:     layout_loops_cross, ebering_ghost_inner_flame, minivault_5,
          uniq_joseph, uniq_fannar, uniq_harold
D:11:     layout_basic, grunt_ministairs_6
D:12:     layout_rooms, david_orc_5, gammafunk_ghost_stat_death
D:13:     layout_basic, david_vaults_1, serial_shops, shop
Lair:1:   layout_cave_pods
Lair:2:   layout_roguey, ebering_ghost_reflecting_pool, grunt_megastairs_5
Lair:3:   layout_long_grid, forest_entry_grove, grunt_megastairs_4,
          minmay_lair_oklob_chamber, lemuel_fruit_tree
Lair:4:   layout_gridlike, palyth_hydra_swamp_entry, spider_nest_entry_rubble,
          grunt_forest_stairs_clearing
Lair:5:   gammafunk_mikee_crab_dinner, layout_regular_city,
          nicolae_slime_entry_slimehenge
Lair:6:   minmay_lair_end_enchanted_forest, layout_loops_ring, st_stairs_5,
          disabler_island, grunt_megastairs_2
Spider:1: layout_chambers, drop_trap
Spider:2: layout_chambers, minivault_29
Spider:3: layout_chambers, ebering_ghost_inner_flame, guppyfry_spider_mini_2
Spider:4: spider_rune_water, nicolae_spider_cling_ruins, uniq_nikola, uniq_mara
Orc:1:    layout_caves
Orc:2:    st_orc_open, layout_caves, uniq_erolcha, uniq_urug
Elf:1:    eino_elf_arrival_sip, layout_gridlike,
          portal_desolation_entry_twin_temple, serial_shops, shop,
          minmay_elf_annihilation, serial_sigils_hangedman_quiver,
          minmay_shop_star
Vaults:1: v_alt_pattern_5, vaults_dpeg_diagonal, ontoclasm_vaults_fault,
          grunt_vaults_trifunnel, nicolae_vaults_border_crossing,
          nicolae_vaults_specimen_jars, vaults_dpeg_hooks,
          dpeg_vaults_monster_box, vaults_room_pool, layout_vaults_omnigrid,
          nicolae_trove_entry_path_of_doom
Desolation

Skill      XL: |  1  2  3  4  5  6  7  8  9 10 11 12 13 14 15 16 17 18 |
---------------+-------------------------------------------------------+-----
Long Blades    | 2 3 4 5 6 7 8 9 10 11 12 13 14 15 16 | 16.0
Shields        | 3 4 5 6 7 9 11 13 14 15 | 15.1
Armour         | 3 4 5 6 7 8 9 10 11 | 11.5
Evocations     | 1 2 3 4 5 |  5.5
Fighting       | 4 5 6 7 9 10 11 12 13 15 16 | 16.3
Dodging        | 2 3 |  3.9
Unarmed Combat | 1 3 4 5 7 8 9 10 11 12 | 12.2
Stealth        | 1 2 |  2.2
Throwing       | |  0.6

Action                   |  1- 3 |  4- 6 |  7- 9 | 10-12 | 13-15 | 16-18 || total
-------------------------+-------+-------+-------+-------+-------+-------++-------
Melee: Long sword        |    93 |   147 |   144 |       |       |       ||   384
       Headbutt          |       |    13 |    66 |   144 |   346 |   328 ||   897
       Scimitar          |       |       |   154 |   577 |  1070 |   188 ||  1989
       Double sword      |       |       |       |       |       |   673 ||   673
Throw: Dart              |       |       |     4 |     5 |       |       ||     9
Invok: Call Merchant     |       |       |       |     1 |     3 |     1 ||     5
       Potion Petition   |       |       |       |     1 |     1 |     3 ||     5
Evoke: Wand              |       |     1 |       |    19 |    15 |    10 ||    45
  Use: Scroll            |       |       |    14 |       |    20 |     9 ||    43
       Potion            |       |       |     1 |     4 |       |    12 ||    17
 Stab: Distracted        |       |       |     7 |     8 |    20 |    20 ||    55
       Invisible         |       |       |       |       |       |    11 ||    11
Armor: Scale mail        |    46 |    21 |       |       |       |       ||    67
       Chain mail        |       |    50 |   149 |   240 |    81 |       ||   520
       Plate armour      |       |       |       |       |   388 |   444 ||   832
       Skin              |       |       |       |       |       |    11 ||    11
Dodge: Dodged            |    24 |    31 |    50 |   130 |   270 |   346 ||   851
Block: Kite shield       |    49 |    89 |   158 |   355 |   740 |   607 ||  1998
       Reflection        |       |       |       |    13 |     4 |       ||    17
       Rpst.: Long sword |     7 |    15 |     5 |       |       |       ||    27
       Scimitar          |       |       |    10 |    30 |    42 |    17 ||    99
       Double sword      |       |       |       |       |       |    52 ||    52
